[Event "Czech Open Rapid G1 2024"]
[Site "Pardubice"]
[Date "2024.07.18"]
[Round "4.25"]
[White "Jun, Rudolf"]
[Black "Sichrovsky, Tomas"]
[Result "0-1"]
[Annotator "RC"]
[ECO "B10"]
[WhiteElo "2232"]
[BlackElo "1933"]
[PlyCount "192"]
[EventDate "2024.07.16"]
[EventType "swiss"]
[EventCountry "CZE"]
[SourceTitle "playchess.com"]
[Source "ChessBase"]
[SourceQuality "1"]
[TimeControl "1200+10"]

1. e4 c6 2. b3 d5 3. exd5 cxd5 4. Bb2 Nf6 5. Nf3 Nc6 6. Be2 Bg4 7. O-O e6 8. d3 Bd6 9. Nbd2 Qc7 10. h3 Bh5 11. c4 Rd8 12. cxd5 Nxd5 13. Ne4 O-O 14. Rc1 Nf4 15. Nd4 Bxe2 16. Nxe2 Nxd3 17. Nxd6 Qxd6 18. Rb1 Nxb2 19. Qxd6 Rxd6 20. Rxb2 Rfd8 21. Rfb1 g6 22. f3 Rd1+ 23. Rxd1 Rxd1+ 24. Kf2 Nb4 25. Kg3 Rd5 26. a3 Nd3 27. Rb1 Re5 28. Nc3 Rg5+ 29. Kh2 Nf4 30. Rb2 Rc5 31. Ne4 Rc6 32. b4 f5 33. Nc5 b6 34. Nb3 Kf7 35. Nd4 Rd6 36. Nb5 Rd7 37. Rc2 Nd5 38. Rb2 e5 39. a4 a6 40. Na3 Rc7 41. Kg3 Ke6 42. h4 h6 43. Nc2 Rc3 44. Kf2 g5 45. hxg5 hxg5 46. g3 f4 47. gxf4 gxf4 48. Ke2 Ne3 49. Ne1 Nc4 50. Ra2 Kd5 51. Nc2 Ne3 52. Na3 Nc4 53. Nc2 Rb3 54. Ra1 Ne3 55. Ne1 Kc4 56. Rc1+ Kxb4 57. Ra1 b5 58. axb5 axb5 59. Nd3+ Kc3 60. Rc1+ Kd4 61. Rc8 Rc3 62. Rd8+ Nd5 63. Nb4 Rc5 64. Na6 Rc2+ 65. Kd1 Rc3 66. Nb4 Rc5 67. Na6 Rc3 68. Nb4 Rc5 69. Na6 Rc4 70. Kd2 e4 71. fxe4 Kxe4 72. Re8+ Kf3 73. Re5 Rd4+ 74. Kc2 Nb4+ 75. Nxb4 Rxb4 76. Kc3 Rc4+ 77. Kd3 Rb4 78. Kc3 Rb1 79. Kc2 Ra1 80. Rxb5 Kf2 81. Kd3 Re1 82. Rb2+ Kf1 83. Rh2 f3 84. Rh1+ Kf2 85. Rh8 Rd1+ 86. Kc2 Rd7 87. Rf8 Kg2 88. Rg8+ Kf1 89. Rf8 f2 90. Rf6 Rd4 91. Kc3 Rg4 92. Kd2 Kg2 93. Ke2 Re4+ 94. Kd3 Re1 95. Rg6+ Kh3 96. Rh6+ Kg4 0-1

[Event "Czech Open Rapid G1 2024"]
[Site "Pardubice"]
[Date "2024.07.18"]
[Round "4.26"]
[White "Soucek, Andrej"]
[Black "Freisler, Pavel"]
[Result "0-1"]
[Annotator "RC"]
[ECO "A45"]
[WhiteElo "1889"]
[BlackElo "2261"]
[PlyCount "70"]
[EventDate "2024.07.16"]
[EventType "swiss"]
[EventCountry "CZE"]
[SourceTitle "playchess.com"]
[Source "ChessBase"]
[SourceQuality "1"]
[TimeControl "1200+10"]

1. d4 Nf6 2. Bg5 d5 3. e3 Ne4 4. Bf4 Bf5 5. f3 Nd6 6. g4 Bg6 7. h4 h5 8. Bd3 Bxd3 9. Qxd3 hxg4 10. fxg4 e6 11. Nf3 Be7 12. g5 g6 13. Nbd2 Nc6 14. O-O-O Rh5 15. e4 Qd7 16. Ne5 Nxe5 17. dxe5 Nc8 18. Nf1 Nb6 19. Ng3 Rh8 20. h5 gxh5 21. g6 fxg6 22. exd5 O-O-O 23. d6 Qa4 24. Ne2 cxd6 25. exd6 Bf6 26. Qxg6 Rhf8 27. d7+ Rxd7 28. Kb1 Qb5 29. c3 Qxe2 30. Rxd7 Nxd7 31. Rxh5 Nc5 32. Rxc5+ Kd8 33. Bc7+ Kd7 34. Qh7+ Be7 35. Bg3 Rf1+ 0-1

[Event "Czech Open Rapid G1 2024"]
[Site "Pardubice"]
[Date "2024.07.18"]
[Round "4.27"]
[White "Brendel, Oliver"]
[Black "Levytskyi, Liubomyr"]
[Result "1-0"]
[Annotator "RC"]
[ECO "A14"]
[WhiteElo "2291"]
[BlackElo "1717"]
[PlyCount "87"]
[EventDate "2024.07.16"]
[EventType "swiss"]
[EventCountry "CZE"]
[SourceTitle "playchess.com"]
[Source "ChessBase"]
[SourceQuality "1"]
[TimeControl "1200+10"]

1. c4 Nf6 2. g3 e6 3. Bg2 d5 4. Nf3 Be7 5. O-O O-O 6. b3 d4 7. e3 c5 8. exd4 cxd4 9. d3 Nc6 10. Re1 a5 11. Na3 h6 12. Nb5 Bc5 13. Bb2 Re8 14. Ne5 Nxe5 15. Rxe5 Nd7 16. Rxc5 Nxc5 17. Bxd4 Qe7 18. f4 Rd8 19. Qe2 Bd7 20. Qe5 f6 21. Bxc5 Qe8 22. Qe3 Bxb5 23. cxb5 Qxb5 24. Qxe6+ Kh8 25. d4 Re8 26. Qc4 Qd7 27. Qd5 Qb5 28. Qxb7 Qe2 29. Qf3 Qb2 30. Rd1 Rac8 31. a3 Re2 32. b4 axb4 33. axb4 Rce8 34. d5 Qc2 35. Rf1 Qd2 36. d6 f5 37. Qd5 Qc2 38. d7 Rd8 39. Bf3 Rxh2 40. Bb6 Rd2 41. Bxd8 Rxd5 42. Bxd5 Qd3 43. Bb6 Qxg3+ 44. Bg2 1-0

[Event "Czech Open Rapid G1 2024"]
[Site "Pardubice"]
[Date "2024.07.18"]
[Round "4.28"]
[White "Fishchuk, Vladyslav"]
[Black "Kavalir, Jan"]
[Result "1-0"]
[Annotator "RC"]
[ECO "A00"]
[WhiteElo "2234"]
[BlackElo "1992"]
[PlyCount "74"]
[EventDate "2024.07.16"]
[EventType "swiss"]
[EventCountry "CZE"]
[SourceTitle "playchess.com"]
[Source "ChessBase"]
[SourceQuality "1"]
[TimeControl "1200+10"]

1. Nc3 d5 2. e4 d4 3. Nce2 e5 4. c3 c5 5. Ng3 Nf6 6. Nf3 Nc6 7. Bc4 Bd6 8. d3 O-O 9. a4 Na5 10. Ba2 Qe7 11. Nh4 g6 12. Bg5 Qd8 13. O-O Be6 14. f4 exf4 15. Ne2 Bxa2 16. Rxa2 Be7 17. Nxf4 Nxe4 18. Bxe7 Qxe7 19. Qe1 g5 20. Nf5 Qe5 21. Nd5 Rae8 22. dxe4 Nc6 23. cxd4 Nxd4 24. Nxd4 Qxd4+ 25. Qf2 Kg7 26. Nc3 Qxf2+ 27. Rxf2 Rd8 28. Ra1 Rd4 29. Rf5 Rd2 30. Rxg5+ Kh6 31. Rxc5 Rg8 32. g3 Rxb2 33. Rd1 Rg6 34. e5 Rg4 35. Rd6+ Kg7 36. Rc7 Rgb4 37. e6 R4b3 1-0

[Event "Czech Open Rapid G1 2024"]
[Site "Pardubice"]
[Date "2024.07.18"]
[Round "4.31"]
[White "Dorokhina, Elizaveta"]
[Black "Sladek, Vladislav"]
[Result "1-0"]
[Annotator "RC"]
[ECO "D02"]
[WhiteElo "1962"]
[BlackElo "1928"]
[PlyCount "75"]
[EventDate "2024.07.16"]
[EventType "swiss"]
[EventCountry "CZE"]
[SourceTitle "playchess.com"]
[Source "ChessBase"]
[SourceQuality "1"]
[TimeControl "1200+10"]

1. d4 d5 2. Nf3 Nf6 3. Bf4 c5 4. e3 Nc6 5. Nbd2 Bg4 6. c3 e6 7. Qa4 Bxf3 8. Nxf3 Nd7 9. Bb5 Qb6 10. O-O Rc8 11. Rfc1 a6 12. Bxc6 Qxc6 13. Qc2 Bd6 14. Qe2 Nf6 15. Ne5 Bxe5 16. Bxe5 O-O 17. Bxf6 gxf6 18. Qg4+ Kh8 19. Qf4 f5 20. Qh6 Rg8 21. Qf6+ Rg7 22. g3 Kg8 23. h4 Rg6 24. Qe5 Qc7 25. Qxc7 Rxc7 26. c4 cxd4 27. cxd5 Rxc1+ 28. Rxc1 e5 29. exd4 e4 30. Rc7 Rd6 31. Rxb7 Rxd5 32. Rb4 Kg7 33. Kf1 a5 34. Rc4 Kg6 35. Ke2 f4 36. gxf4 f5 37. Ke3 Rb5 38. b3 1-0

[Event "Czech Open Rapid G1 2024"]
[Site "Pardubice"]
[Date "2024.07.18"]
[Round "4.32"]
[White "Dobrowolski, Kamil"]
[Black "Garsky, Vladyslav"]
[Result "0-1"]
[Annotator "RC"]
[ECO "B10"]
[WhiteElo "1801"]
[BlackElo "2137"]
[PlyCount "60"]
[EventDate "2024.07.16"]
[EventType "swiss"]
[EventCountry "CZE"]
[SourceTitle "playchess.com"]
[Source "ChessBase"]
[SourceQuality "1"]
[TimeControl "1200+10"]

1. e4 c6 2. Nf3 d5 3. d3 g6 4. Be2 Bg7 5. O-O e5 6. Nbd2 Ne7 7. b3 O-O 8. Bb2 Qd6 9. d4 exd4 10. Bxd4 Rd8 11. Bxg7 Kxg7 12. exd5 cxd5 13. Nd4 Nbc6 14. N2f3 Qf6 15. h3 Nf5 16. c3 Nd6 17. Bd3 Bd7 18. Re1 Rac8 19. Qd2 Re8 20. Rxe8 Rxe8 21. Qg5 Qxg5 22. Nxg5 Nxd4 23. cxd4 Rc8 24. Kf1 Bb5 25. Bxb5 Nxb5 26. Nf3 Rc2 27. Ke1 Nc3 28. a3 Ne4 29. g3 Rxf2 30. Ne5 Rh2 0-1

[Event "Czech Open Rapid G1 2024"]
[Site "Pardubice"]
[Date "2024.07.18"]
[Round "4.34"]
[White "Dolensky, Milan"]
[Black "Pipek, Petr"]
[Result "1-0"]
[Annotator "RC"]
[ECO "B23"]
[WhiteElo "1983"]
[BlackElo "1759"]
[PlyCount "93"]
[EventDate "2024.07.16"]
[EventType "swiss"]
[EventCountry "CZE"]
[SourceTitle "playchess.com"]
[Source "ChessBase"]
[SourceQuality "1"]
[TimeControl "1200+10"]

1. e4 c5 2. Nc3 Nc6 3. Bb5 Nd4 4. Nf3 a6 5. Bd3 d6 6. Nxd4 cxd4 7. Ne2 e5 8. c3 dxc3 9. dxc3 Be6 10. c4 Be7 11. O-O Nf6 12. b3 O-O 13. h3 Nd7 14. f4 Nc5 15. f5 Bd7 16. Kh2 Bc6 17. Nc3 Qc7 18. Be3 Qa5 19. Nd5 Bxd5 20. exd5 Rfc8 21. Bc2 Qc3 22. Qe2 Bh4 23. Rac1 Qa5 24. f6 Bxf6 25. Rxf6 gxf6 26. Qh5 Kf8 27. Qxh7 Ke7 28. Bg6 Rf8 29. Bh6 Nd7 30. Rf1 Qd8 31. Bh5 Qe8 32. Bxf8+ Qxf8 33. Bg4 Qg8 34. Qxg8 Rxg8 35. Bxd7 Kxd7 36. Rxf6 Ke7 37. Rf2 Rg5 38. g4 e4 39. Kg3 Re5 40. Kf4 Kf6 41. h4 Kg6 42. Re2 f5 43. gxf5+ Rxf5+ 44. Kxe4 Re5+ 45. Kd3 Rxe2 46. Kxe2 Kh5 47. c5 1-0

[Event "Czech Open Rapid G1 2024"]
[Site "Pardubice"]
[Date "2024.07.18"]
[Round "4.35"]
[White "Gu In-Jung"]
[Black "Flasar, Jaroslav"]
[Result "0-1"]
[Annotator "RC"]
[ECO "C00"]
[WhiteElo "1960"]
[BlackElo "2012"]
[PlyCount "136"]
[EventDate "2024.07.16"]
[EventType "swiss"]
[EventCountry "CZE"]
[SourceTitle "playchess.com"]
[Source "ChessBase"]
[SourceQuality "1"]
[TimeControl "1200+10"]

1. e4 c5 2. Nf3 e6 3. d3 Nc6 4. g3 Nf6 5. Bg2 d5 6. Nbd2 Be7 7. O-O O-O 8. e5 Nd7 9. Re1 Qc7 10. Qe2 b5 11. Nf1 Ba6 12. Bf4 Nb6 13. h4 d4 14. Ng5 h6 15. Qh5 Bb7 16. Ne4 Nd5 17. Nh2 Nxf4 18. gxf4 f5 19. Ng5 Qc8 20. Nhf3 Nb4 21. Kh2 Nxc2 22. Qg6 hxg5 23. hxg5 Qe8 24. Qxe6+ Qf7 25. Qd7 Bd8 26. Qxf7+ Rxf7 27. Kg3 Nxe1 28. Rxe1 Rc8 29. Bh3 Bxf3 30. Kxf3 g6 31. Bf1 Bb6 32. b3 a5 33. Kg3 Rfc7 34. Bg2 Kg7 35. Bd5 Re8 36. a4 bxa4 37. bxa4 Rb8 38. Bc4 Ba7 39. Bb5 Rh8 40. Rb1 Kf8 41. Bc4 Ke7 42. Rb5 Rb8 43. Rxa5 Rb6 44. Kf3 Kd8 45. Ke2 Kc8 46. Kd2 Kb8 47. Bd5 Rb2+ 48. Ke1 Rh7 49. Ra6 Rb6 50. Ra5 Rb1+ 51. Ke2 Rh2 52. Ra6 Rb2+ 53. Ke1 Rhxf2 54. Rxg6 Rfe2+ 55. Kd1 Rf2 56. Ke1 c4 57. Rg8+ Kc7 58. Rg7+ Kb6 59. Rb7+ Ka6 60. Rxb2 Rxb2 61. g6 c3 62. g7 Rb1+ 63. Kf2 c2 64. g8=Q c1=Q 65. Bc4+ Ka5 66. Qd5+ Kb4 67. Qb5+ Ka3 68. Qd7 Qe3+ 0-1

[Event "Czech Open Rapid G1 2024"]
[Site "Pardubice"]
[Date "2024.07.18"]
[Round "4.36"]
[White "Dehmel, Jens"]
[Black "Moeller, Tom"]
[Result "1-0"]
[Annotator "RC"]
[ECO "D31"]
[WhiteElo "1980"]
[BlackElo "1842"]
[PlyCount "69"]
[EventDate "2024.07.16"]
[EventType "swiss"]
[EventCountry "CZE"]
[SourceTitle "playchess.com"]
[Source "ChessBase"]
[SourceQuality "1"]
[TimeControl "1200+10"]

1. d4 d5 2. c4 e6 3. Nc3 c6 4. Nf3 dxc4 5. e3 b5 6. a4 Bb4 7. Bd2 Bb7 8. axb5 Bxc3 9. Bxc3 cxb5 10. b3 a5 11. bxc4 b4 12. Bb2 Nf6 13. Bd3 Nbd7 14. O-O O-O 15. Nd2 Nc5 16. Bc2 Nce4 17. f3 Nxd2 18. Qxd2 Bc6 19. e4 Qb6 20. Kh1 a4 21. d5 Bd7 22. e5 Ne8 23. f4 a3 24. Bd4 Qb7 25. Bc5 b3 26. Rfb1 b2 27. Rxa3 exd5 28. cxd5 Nc7 29. Be4 Rfb8 30. Rxa8 Nxa8 31. Bd4 Bb5 32. Qxb2 Nc7 33. Qb3 Na6 34. Bd3 Qd7 35. Bxb5 1-0

[Event "Czech Open Rapid G1 2024"]
[Site "Pardubice"]
[Date "2024.07.18"]
[Round "5.1"]
[White "Nisipeanu, Liviu-Dieter"]
[Black "Navara, David"]
[Result "1/2-1/2"]
[Annotator "TA"]
[ECO "E52"]
[WhiteElo "2583"]
[BlackElo "2682"]
[PlyCount "84"]
[EventDate "2024.07.16"]
[EventType "swiss"]
[EventCountry "CZE"]
[SourceTitle "playchess.com"]
[Source "ChessBase"]
[SourceQuality "1"]
[TimeControl "1200+10"]

1. d4 Nf6 2. c4 e6 3. Nc3 Bb4 4. e3 O-O 5. Bd3 d5 6. Nf3 b6 7. O-O Bb7 8. a3 Bd6 9. b4 dxc4 10. Bxc4 a5 11. Rb1 axb4 12. axb4 Qe7 13. b5 Nbd7 14. Bb2 e5 {[%emt 0:00:45] [#]} 15. Nd5 $1 Nxd5 16. Bxd5 Bxd5 17. dxe5 Nxe5 18. Qxd5 Nxf3+ 19. Qxf3 Be5 20. Bxe5 Qxe5 21. Rfd1 Ra2 22. g3 g6 23. Rd5 Qc3 24. Kg2 Kg7 (24... Rc2 $11) 25. Rd7 Rc2 26. h4 (26. Qe4 {is interesting.} Qc4 27. Rb4 Qe2 28. Qf3) 26... h5 27. Rbd1 Qf6 28. R1d4 Qxf3+ 29. Kxf3 $11 {[%emt 0:00:02][%mdl 4096] Endgame. KRR-KRR} Rc5 30. Rf4 Rxb5 31. Rxc7 Rc5 32. Rb7 b5 33. Rb4 {[%emt 0:00:21] White is more active.} Rfc8 34. R4xb5 ({Don't take} 34. R7xb5 R5c6 $16) 34... Rxb5 35. Rxb5 $16 {[%emt 0:00:01] KR-KR} Rc2 36. e4 Ra2 37. Ke3 Ra3+ 38. Kf4 Ra2 39. f3 Ra3 40. g4 hxg4 41. Kxg4 Ra1 42. h5 f5+ $1 {[%emt 0:00:47] Weighted Error Value: White=0.09 (flawless) /Black=0.08 (flawless) .  Mistake:       	---       	Black=1      Inaccurate:     	White=4     	Black=1      OK:         	White=8     	Black=10     Best:        	White=2     	Black=1      Strong:       	---       	Black=1} 1/2-1/2

[Event "Czech Open Rapid G1 2024"]
[Site "Pardubice"]
[Date "2024.07.18"]
[Round "5.2"]
[White "Kusa, Jakub"]
[Black "Movsesian, Sergei"]
[Result "0-1"]
[Annotator "TA"]
[ECO "E01"]
[WhiteElo "2423"]
[BlackElo "2618"]
[PlyCount "144"]
[EventDate "2024.07.16"]
[EventType "swiss"]
[EventCountry "CZE"]
[SourceTitle "playchess.com"]
[Source "ChessBase"]
[SourceQuality "1"]
[TimeControl "1200+10"]

1. d4 Nf6 2. Nf3 d5 3. c4 e6 4. g3 a6 5. Nbd2 c5 6. cxd5 exd5 7. Bg2 Nc6 8. O-O h6 9. a3 Be6 10. dxc5 Bxc5 11. b4 Bb6 12. Bb2 O-O 13. Rc1 Re8 14. Nb3 Ne4 15. Nbd4 Rc8 16. Nxe6 fxe6 17. e3 Rf8 18. Qe2 Nd6 19. Nd2 Rc7 20. Nb3 Nc4 21. Bd4 Bxd4 22. Nxd4 Nxd4 23. exd4 Qf6 24. Rc3 Rc6 25. Rd1 b5 26. Rf3 Qe7 27. Rc3 Rd6 28. Re1 Qf6 29. Rd3 Rf7 30. Bh3 Re7 31. f4 Kh8 32. Kh1 Rc6 33. Qh5 Nd6 34. Rde3 Qxd4 35. Rxe6 Rxe6 36. Bxe6 Qd2 (36... Qf2 $11 {remains equal.} 37. Qe2 Qxe2 38. Rxe2 d4) 37. Qe2 (37. Rd1 $16 Qe3 (37... Rc1 38. Rxc1 Qxc1+ 39. Kg2 $16) 38. Qxd5 (38. Bxd5 Rc1 $16)) 37... Rc2 38. Qxd2 Rxd2 39. Rc1 Nc4 40. Bf5 g5 (40... Nxa3 41. Rc8#) 41. fxg5 hxg5 42. Re1 d4 43. Re8+ $2 ({Better is} 43. h4 $15) 43... Kg7 $19 44. h4 $2 (44. Bg4) 44... gxh4 $2 (44... Nxa3 45. hxg5 Nc2 46. g6 Rd1+ 47. Kh2 $11) (44... Nd6 45. Re7+ Kf6 46. Re6+ Kxf5 47. Rxd6 Kg4) 45. gxh4 $19 d3 (45... Nxa3 46. Ra8 $15) 46. Re6 {[%emt 0:00:10] [#]} (46. Re1 $17) 46... Rd1+ $1 $19 (46... Nxa3 47. h5 Rf2 48. Rg6+ (48. Bxd3 Rf6 $11) 48... Kh8 49. Bxd3 $11) 47. Kh2 d2 (47... Nxa3 $2 48. h5 Kf7 49. h6 Rd2+ 50. Kg3 $18) 48. Bg4 Rf1 49. Rxa6 $2 (49. Re7+ Kf8 50. Rd7) 49... Rf4 $19 (49... d1=R 50. Bxd1 Rxd1 51. a4 $15) 50. Bd1 Ne3 51. Bb3 Rf3 (51... d1=B 52. Ra7+ Kh6 53. Bxd1 Nxd1 54. Kg3 $17) (51... d1=N 52. Kg3 Rg4+ 53. Kf3 Rxh4 54. Ra8 $19) (51... d1=Q 52. Bxd1 Nxd1 53. a4 $15) 52. Rd6 Ng4+ 53. Kg1 Rxb3 54. Rxd2 Rg3+ ({Less strong is} 54... Rxa3 55. Rd7+ Kh6 56. Rb7 $17) 55. Kf1 Rxa3 56. Rd7+ Kf6 57. Rb7 {[%emt 0:00:15] [#]} Rf3+ $1 58. Ke2 Rf5 59. Kd3 Ke6 60. Kd4 $2 (60. Rb6+ Ke7 61. Ke4) 60... Rd5+ $19 61. Ke4 Nf6+ 62. Kf4 (62. Ke3 $142) 62... Rf5+ 63. Kg3 Nd7 64. Kg4 $2 (64. Ra7) 64... Rd5 $19 65. Rc7 (65. Kf4 $142) 65... Kd6 66. Rc3 Nf6+ 67. Kf4 Rh5 68. Rd3+ Ke6 69. Re3+ Kd5 70. Kg3 Kc4 71. Re6 Rh6 72. Kf3 Kxb4 0-1

[Event "Czech Open Rapid G1 2024"]
[Site "Pardubice"]
[Date "2024.07.18"]
[Round "5.3"]
[White "Movsesian, Julia"]
[Black "Jirka, Jiri"]
[Result "1/2-1/2"]
[Annotator "TA"]
[ECO "C60"]
[WhiteElo "2202"]
[BlackElo "2387"]
[PlyCount "247"]
[EventDate "2024.07.16"]
[EventType "swiss"]
[EventCountry "CZE"]
[SourceTitle "playchess.com"]
[Source "ChessBase"]
[SourceQuality "1"]
[TimeControl "1200+10"]

1. e4 e5 2. Nf3 Nc6 3. Bb5 a6 4. Ba4 Nge7 5. c3 g6 6. O-O Bg7 7. d4 exd4 8. cxd4 b5 9. Bc2 O-O 10. h3 d5 {[%emt 0:04:04] White has an edge.} 11. e5 Bf5 12. Bg5 {[%emt 0:01:25] Strongly threatening Bxf5.} h6 (12... f6 $14 13. Bxf6 Bxf6) 13. Be3 (13. Bxf5 $16 hxg5 14. Bg4) 13... Qd7 14. Nbd2 Nd8 15. Nb3 Ne6 16. Rc1 Rac8 17. Qd2 g5 18. Qa5 (18. Bxf5 $16 Nxf5 19. Qd3) 18... c6 19. Ne1 (19. Qxa6 $2 Ra8 20. Qb6 Rfb8 $19) 19... c5 20. dxc5 (20. Bxf5 $14 Nxf5 21. Nxc5 (21. Qxa6 $2 Ra8 $19) 21... Nxc5 22. dxc5 (22. Rxc5 Rxc5 23. dxc5 Bxe5 $14)) 20... Bxc2 21. Rxc2 (21. Nxc2 $11 {remains equal.} Bxe5 22. Ncd4) 21... Nc6 $17 22. Qd2 Nxe5 (22... d4 $1 $17 23. f4 Rfd8) 23. Nd3 (23. Bd4 $15) 23... Nc4 24. Qe2 (24. Qe1 $142) 24... f5 ({Black should play} 24... a5 $1 25. Rd1 f5) 25. Bc1 {[%emt 0:00:20] [#]} (25. Nb4 $2 f4 26. c6 Qd6 $19) (25. Bd2 $17) 25... f4 $2 (25... a5 $1 $19 26. f4 a4) 26. Re1 Rfe8 {[%emt 0:01:07] White must now prevent ...Nd4.} 27. Qf3 Nc7 28. Rce2 Rxe2 29. Rxe2 Re8 30. h4 Rxe2 31. Qxe2 Qe6 32. Qxe6+ Nxe6 33. hxg5 hxg5 34. c6 Kf7 35. Nbc5 Nc7 36. g3 fxg3 37. Bxg5 Bd4 (37... Bxb2 $6 38. Nxb2 gxf2+ 39. Kxf2 Nxb2 40. Bf4 $16) (37... Nxb2 38. fxg3 Nxd3 39. Nxd3) 38. Nb3 gxf2+ 39. Nxf2 (39. Kg2 $11 Nxb2 (39... Bxb2 40. Bd8 $11) 40. Nxb2 Bxb2 41. Bf4) 39... Bxb2 40. Nd3 Ne6 41. Bh4 Bf6 (41... Ba3 $17 {...Bd6 would now be deadly.} 42. Bg3 Ke7) 42. Bg3 $11 Bd8 {[%emt 0:00:05] White should prevent ...a5.} 43. Nb4 Bb6+ 44. Kh1 a5 45. Nxd5 a4 46. Nc1 Ke8 47. Nd3 Kd8 48. Nc3 Nd4 49. Nd5 Nxc6 50. Nc3 Nd4 51. Bf2 Nd6 52. Nd5 Ba7 53. N3b4 (53. Nc3 $1 $11) 53... Kc8 54. Nd3 (54. Nc3 $15) 54... Kb7 (54... Ne4 $17 {Threatens to win with ...Nxf2+.} 55. Kg2 Nxf2 56. Kxf2 Nc6+ 57. Kf3 Bd4) 55. Nc3 $1 $15 Nc6 (55... Ne6 $17 {aiming for ...Bxf2.} 56. Kg2 Bd4 57. Bxd4 Nxd4) 56. Bxa7 $11 Kxa7 {[%emt 0:00:03][%mdl 4096] Endgame. KNN-KNN} 57. Nb2 {[%emt 0:00:01] [#]} (57. Nc5 $1 $11) 57... a3 $1 $17 58. Nxb5+ $2 Nxb5 $19 59. Nc4 Ka6 60. Kg2 Nb4 61. Kf2 Kb7 (61... Nxa2 62. Nxa3 Nd6 (62... Nxa3 63. Kg3 $11) 63. Ke2 $11) 62. Ke3 Kc6 (62... Nxa2 63. Nxa3 Nc7 (63... Nxa3 64. Kf4 $11) 64. Nb5 $11) 63. Nxa3 Nxa3 64. Ke4 Kc5 (64... Nxa2 65. Kf5 $11) 65. Ke5 Nd3+ (65... Nxa2 66. Kf6 $11) 66. Ke4 Kc4 67. Ke3 Nc5 68. Kf4 Kd5 69. Kf5 Ne4 70. Kf4 Nd6 71. Ke3 Ke5 72. Kf3 Ndc4 73. Kg4 Ke4 74. Kg5 Ke5 75. Kg4 $1 Ne3+ 76. Kf3 Nd5 77. Kg4 Nf6+ 78. Kf3 Kf5 79. Ke3 Nd5+ 80. Kd4 Nc7 81. Kc5 Ke5 82. Kc6 Ncb5 83. Kc5 Nd6 84. Kc6 Ndc4 85. Kc5 Ke4 86. Kc6 Kd4 87. Kd7 Kd5 88. Ke7 Ke5 89. Kd7 Kd5 90. Ke7 Ke5 91. Kd7 Nb6+ 92. Kc6 Nd5 93. Kc5 Ne3 94. Kc6 Nec4 $2 ({Black should try} 94... Kd4 $19 95. Kd6 Nf5+ 96. Ke6 Ke4) 95. Kc5 $2 (95. Kd7 $11 Na5 96. Ke7) 95... Nd6 96. Kc6 $1 Ne4 97. Kd7 Nc5+ 98. Kc6 Kd4 99. Kd6 Nb5+ 100. Kc6 Kc4 101. a4 Nd4+ $2 ({Inferior is} 101... Nxa4 102. Kd7 $11) (101... Na7+ $19 102. Kc7 Kd5 (102... Nxa4 103. Kd8 $11) (102... Kb4 103. Kb6 $11)) 102. Kb6 $11 {[%emt 0:00:01] The position is equal.} Kd5 103. a5 Kd6 104. a6 Nd7+ 105. Kb7 Nc5+ 106. Kb6 Nd7+ 107. Kb7 Ne6 108. a7 Nec5+ 109. Ka8 Ne5 110. Kb8 Nc6+ 111. Kc8 Nxa7+ 112. Kb8 Nb5 113. Ka8 Kd7 114. Kb8 Kc6 115. Kc8 Ne6 116. Kb8 Nd6 117. Ka7 Nc7 118. Kb8 Na6+ 119. Ka7 Kb5 (119... Nc4 $5) 120. Ka8 Kc6 121. Ka7 Nc7 122. Kb8 Kd7 123. Ka7 Nc4 124. Kb7 {[%emt 0:00:02] Whites escaped into a draw.   Weighted Error Value: White=0.36/Black=0.21 (precise) .  Loses game:     	White=1     	---        Missed win:     	---       	Black=2      Mistake:       	White=11    	Black=6      Inaccurate:     	White=3     	Black=4      OK:         	White=21    	Black=23     Best:        	White=10    	Black=4      Strong:       	White=2     	Black=1} 1/2-1/2

[Event "Czech Open Rapid G1 2024"]
[Site "Pardubice"]
[Date "2024.07.18"]
[Round "5.4"]
[White "Neuman, Petr"]
[Black "Abdulov, Orkhan"]
[Result "1/2-1/2"]
[Annotator "TA"]
[ECO "B21"]
[WhiteElo "2441"]
[BlackElo "2382"]
[PlyCount "50"]
[EventDate "2024.07.16"]
[EventType "swiss"]
[EventCountry "CZE"]
[SourceTitle "playchess.com"]
[Source "ChessBase"]
[SourceQuality "1"]
[TimeControl "1200+10"]

1. e4 c5 2. Be2 Nc6 3. f4 d5 4. d3 e5 5. exd5 Qxd5 6. Nf3 exf4 7. Bxf4 {[%emt 0:00:03] Black must now prevent Nc3.} Nf6 8. O-O Be7 9. Nc3 Qd8 10. Qd2 O-O 11. Rae1 Nd5 12. Nxd5 Qxd5 13. c4 Qd8 14. Be3 Nd4 (14... Bg4 $11) 15. Nxd4 $14 cxd4 16. Bf4 Be6 17. Bf3 Qd7 $1 18. Re2 a5 19. a3 {[%emt 0:00:01] White is more active.} a4 20. Rfe1 Rfe8 21. Re5 Bd6 22. Rb5 Bxf4 {[%emt 0:01:07] The position is equal.} 23. Qxf4 Bxc4 $1 24. Rxe8+ Qxe8 25. Re5 (25. dxc4 $2 Qe1#) 25... Be6 {[%emt 0:00:03] Weighted Error Value: White=0.07 (flawless) /Black=0.10 (very precise) .  Mistake:       	---       	Black=1      Inaccurate:     	White=1     	Black=2      OK:         	White=8     	Black=9      Best:        	White=1     	Black=1      Strong:       	---       	Black=2} 1/2-1/2

[Event "Czech Open Rapid G1 2024"]
[Site "Pardubice"]
[Date "2024.07.18"]
[Round "5.5"]
[White "Stocek, Jiri"]
[Black "Kulon, Klaudia"]
[Result "0-1"]
[Annotator "TA"]
[ECO "E90"]
[WhiteElo "2524"]
[BlackElo "2380"]
[PlyCount "110"]
[EventDate "2024.07.16"]
[EventType "swiss"]
[EventCountry "CZE"]
[SourceTitle "playchess.com"]
[Source "ChessBase"]
[SourceQuality "1"]
[TimeControl "1200+10"]

1. d4 Nf6 2. c4 g6 3. Nc3 Bg7 4. e4 O-O 5. Nf3 d6 6. Bg5 h6 7. Be3 e5 {[%emt 0:00:20] E90: King's Indian: Classical: Early deviations and 6 h3.} 8. h3 exd4 9. Nxd4 Re8 10. Bd3 c6 $146 ({Predecessor:} 10... Nbd7 11. O-O Nc5 12. Qc2 Qe7 13. Rfe1 c6 14. Rad1 Nxd3 15. Qxd3 Nd7 16. b3 Nc5 {1-0 Stocek,J (2569)-Sokolov,A (2362) CZE-chT1W 1920 2019 (8.3)}) 11. O-O Na6 12. Re1 Nc5 13. Qc2 d5 14. Nxc6 bxc6 15. Bxc5 d4 (15... dxe4 $1 $14 16. Bf1 (16. Bxe4 Nxe4 17. Rxe4 Bf5 $14) (16. Nxe4 Bxh3 17. Nd6 Rxe1+ 18. Rxe1 Bg4 $14) 16... Nd7 17. Nxe4 Nxc5 (17... Rxe4 $2 18. Qxe4 Nxc5 19. Qxc6 $18) 18. Nxc5 Rxe1 19. Rxe1 Bxh3) 16. e5 ({Better is} 16. Ne2 $16) 16... Nh5 $11 17. Ne4 Rxe5 18. Rad1 (18. Qd2 $11) 18... Nf4 (18... Bf5 $1 $15 19. g4 Nf4 (19... Bxe4 20. Bxe4 Rxc5 21. gxh5 $17) 20. gxf5 Nxh3+ (20... gxf5 21. Ng3 $11) 21. Kf1 Nf4 (21... gxf5 22. Ng3 $11)) 19. Bf1 $11 d3 (19... Bf5 {simplifies} 20. Bxd4 Rxe4 21. Rxe4 Bxd4 22. Rdxd4 Qxd4 23. Rxd4 Bxc2 24. Rxf4 Rb8) 20. Qd2 (20. Bxd3 Qh4 21. Bd6 Nxg2 22. Kxg2 Qxh3+ 23. Kg1 Rh5 $17) 20... Qh4 21. Bd6 (21. b4 $5) 21... Rxe4 22. Rxe4 Nxh3+ $1 23. gxh3 Qxe4 24. b3 Qh4 25. Qxd3 Bf5 26. Qf3 (26. Qe3 {simplifies} Qh5 27. Re1 Rd8 28. c5) 26... Bd4 27. Qf4 Qxf4 28. Bxf4 c5 29. Bxh6 Re8 30. b4 Re6 31. Bf4 Ra6 32. Rd2 Ra3 33. Kh2 Kh7 34. bxc5 Bxc5 35. Bg3 Rc3 36. Rd5 Bb6 37. a4 Rc2 38. Kg1 Rc1 39. a5 Bxh3 40. axb6 axb6 41. Bf4 (41. Rb5 $15) 41... Rxf1+ $17 42. Kh2 Be6 43. Rd8 (43. Kg2 $17 Bxd5+ 44. Kxf1 Bxc4+ 45. Kg2) 43... Rxf2+ $19 ({Resist} 43... Bxc4 44. Be3) 44. Kg3 Rc2 45. Be5 g5 ({Stronger than} 45... Rxc4 46. Rh8#) 46. Rb8 Rxc4 47. Rxb6 Re4 48. Bb8 Re3+ 49. Kf2 Ra3 50. Bd6 Ra2+ 51. Kg3 Kg6 52. Be7 Rd2 53. Rb8 $2 (53. Kf3) 53... f5 $19 54. Rb6 f4+ 55. Kf3 Kf5 0-1